Match 47180797
Unlisted

Match 47180797
End
Panzergrenadier Squad
Selects Armored Support Battlegroup
250 Light Carrier
250 Light Carrier
Construct Light Support Kompanie
Combat Half-tracks
Selects Superior Fire Drills
Assault Grenadier Squad
Construct Mechanized Kompanie
Vehicle Survival Package
Assault Mechanized Group
Selects Salvage Kits
Tungsten Core Ammunition
Support Armor Elements
Emergency Repair Kits
Rapid Advance
Selects Panzer Storm
Assault Mechanized Group
Construct Panzerarmee Kommand
Armored Reserves
Veteran Squad Leaders
Advanced Field Repairs
Selects Stuka Anti-tank Loiter
Tiger Heavy Tank
Advanced Optics
Stuka Anti-tank Loiter
18-tonne Recovery Half-track
poe2 is
ImNotProPlayerr
Kaisissam
Admiral Ding Dong
Tabaczany Baron
Frodosynthesis
0
0

Comments sign in to comment!

No comments posted yet!